 Dungeon Crawl Stone Soup version 0.19.0-19-g8c6edcc (webtiles) character file.

175 lorenzova the Skirmisher (level 5, 0/42 HPs)
             Began as a Human Chaos Knight on Nov 14, 2016.
             Slain by Monkfish's ghost (7 damage)
             ... on level 4 of the Dungeon.
             The game lasted 00:05:49 (2752 turns).

lorenzova the Skirmisher (Human Chaos Knight)       Turns: 2752, Time: 00:05:51

Health: 0/42       AC:  6    Str: 13    XL:     5   Next: 85%
Magic:  8/8        EV: 12    Int: 13    God:    Xom [...*..]
Gold:   145        SH:  0    Dex: 12    Spells: 0 memorised, 8 levels left

rFire  . . .     SeeInvis .     i - +0 hand axe (chop)
rCold  . . .     Gourm    .     b - +2 leather armour
rNeg   . . .     Faith    +     (no shield)
rPois  .         Spirit   .     (no helmet)
rElec  .         Reflect  .     (no cloak)
rCorr  .         Harm     .     p - +0 pair of gloves
MR     .....     Rnd*Tele +     (no boots)
Stlth  +.........               k - amulet of faith
                                (no ring)
                                q - ring of teleportation (curse)

@: lethally poisoned (0 -> -13)
A: no striking features
a: Renounce Religion


You were on level 4 of the Dungeon.
You worshipped Xom.
You were a favourite toy of Xom.
You were very hungry.

You visited 1 branch of the dungeon, and saw 4 of its levels.

You collected 145 gold pieces.

Inventory:

Hand Weapons
 a - a +0 spear of chaos
 i - a +0 hand axe of chopping (weapon)
Missiles
 x - 19 stones (quivered)
Armour
 b - a +2 leather armour (worn)
 e - a +0 ring mail
 p - a +0 pair of gloves (worn)
Jewellery
 k - an amulet of faith (around neck)
 q - a cursed ring of teleportation (left hand)
Scrolls
 d - a scroll of amnesia {unknown}
 f - a scroll of recharging {unknown}
 g - 3 scrolls of enchant weapon {unknown}
 j - a scroll of teleportation {unknown}
 l - 3 scrolls of magic mapping {unknown}
 r - 3 scrolls of identify {unknown}
 t - a scroll of enchant armour {unknown}
Potions
 h - 2 potions of degeneration {unknown}
 m - 3 potions of curing {unknown}
 n - 2 potions of agility {unknown}
 v - a potion of might {unknown}
 w - a potion of flight {unknown}
Books
 s - a book of Minor Magic

   Spells                             Type                      Level
   a - Magic Dart                     Conjuration                  1
   b - Blink                          Translocation                2
   c - Call Imp                       Summoning                    2
   d - Repel Missiles                 Charms/Air                   2
   e - Slow                           Hexes                        2
   f - Conjure Flame                  Conjuration/Fire             3
   g - Mephitic Cloud                 Conjuration/Poison/Air       3
Comestibles
 c - 2 bread rations
 o - 3 fruits
 u - a beef jerky


   Skills:
 + Level 4.0 Fighting
 - Level 3.0 Polearms
 + Level 3.1 Armour
 + Level 2.8 Dodging
 + Level 2.0 Spellcasting


You had 8 spell levels left.
You didn't know any spells.

Dungeon Overview and Level Annotations

Branches:
Dungeon (4/15)
 Temple: D:4-7

Altars:
Ashenzari
Cheibriados
Dithmenos
Elyvilon
Nemelex Xobeh
Okawaru
Uskayaw

Annotations:
D:4 Monkfish's ghost, amateur KoBe


Message History

You hit the adder.
You kill the adder!
Your Fighting skill increases to level 4!
You hear the slow rusting of a very distant drain.
You feel sick.
You start resting.
You feel sick. x4
You are no longer poisoned.
You start resting.
Monkfish's ghost (amateur Kobold Berserker) comes into view.
It is wielding a weapon of venom.
Monkfish's ghost is nearby!
Monkfish's ghost turns its malevolent gaze towards you.
A worker ant comes into view.
The worker ant twitches its antennae in your direction.
You miss Monkfish's ghost. Monkfish's ghost hits you!
* * * LOW HITPOINT WARNING * * *
You are lethally poisoned!
Monkfish's ghost hits you!
You die...
Xom bursts into laughter!

#. #############... ###.
#.......@W.....# #...
#........a..#..# #.#.
#..............# ..+.
#............#.#.# #.#.
##########......$..###.#.
##.#.#....†..## .#
#######... ##.#####.....
.......<.....


You could see a worker ant and Monkfish's ghost.

Vanquished Creatures
  5 adders
  4 gnolls (D:3)
  An ooze (D:1)
  A dart slug (D:1)
  3 leopard geckos (D:2)
  2 orcs (D:3)
  A ball python (D:1)
  18 giant cockroaches
  8 goblins
  3 hobgoblins
  A quokka (D:2)
  10 bats
  A frilled lizard (D:3)
  8 kobolds
  9 rats
75 creatures vanquished.

Vanquished Creatures (others)
  A hobgoblin (D:1)
1 creature vanquished.

Grand Total: 76 creatures vanquished

Notes
Turn   | Place    | Note
-------+----------+-------------------------------------------
     0 | D:1      | lorenzova the Human Chaos Knight began the quest for the Orb.
     0 | D:1      | Reached XP level 1. HP: 18/18 MP: 1/1
    75 | D:1      | Reached XP level 2. HP: 21/24 MP: 2/2
   345 | D:1      | Found an iron altar of Okawaru.
   483 | D:1      | Reached XP level 3. HP: 29/29 MP: 3/3
   491 | D:1      | XOM: divination: detect creatures
   894 | D:2      | Found a shadowy altar of Dithmenos.
   899 | D:2      | Found a shattered altar of Ashenzari.
   900 | D:2      | Found a sparkling altar of Nemelex Xobeh.
   905 | D:2      | Reached skill level 1 in Spellcasting
   907 | D:2      | Found a snail-covered altar of Cheibriados.
  1066 | D:2      | Reached XP level 4. HP: 22/35 MP: 5/5
  1082 | D:2      | XOM: fake destruction
  1236 | D:2      | XOM: 6-stop teleportation journey
  1390 | D:2      | XOM: stat loss: -1 Str (12/13)
  1435 | D:2      | Found a faded altar of an unknown god.
  1601 | D:2      | XOM is BORED!
  1601 | D:2      | XOM: noise
  1718 | D:3      | XOM: 1-stop teleportation journey
  1755 | D:3      | XOM: blink monster(s)
  1782 | D:3      | XOM: harmless Necr miscast
  2080 | D:3      | Reached XP level 5. HP: 42/42 MP: 7/7
  2083 | D:3      | XOM: harmless Air miscast
  2132 | D:3      | XOM: cloud trail
  2396 | D:3      | Found a white marble altar of Elyvilon.
  2429 | D:3      | XOM: god gift: 14 stones
  2696 | D:4      | Noticed a dagger
  2697 | D:4      | Found a hide-covered altar of Uskayaw.
  2697 | D:4      | Noticed a hand axe
  2710 | D:4      | Reached skill level 4 in Fighting
  2749 | D:4      | Noticed Monkfish's ghost (amateur KoBe)
  2752 | D:4      | Slain by Monkfish's ghost

Skill      XL: |  1  2  3  4  5 |
---------------+----------------+-----
Spellcasting   | 1 2 |  2.0
Dodging        | 2 |  2.8
Armour         | 3 |  3.1
Fighting       | 4 |  4.0
Polearms       | |  3.0

Action                   |  1- 3 |  4- 6 || total
-------------------------+-------+-------++-------
Melee: Spear             |    39 |       ||    39
       Hand axe          |    45 |   162 ||   207
 Stab: Sleeping          |     1 |       ||     1
  Eat: Chunk             |       |     5 ||     5
Armor: Leather armour    |    37 |    63 ||   100
Dodge: Dodged            |    46 |   156 ||   202
